 Dungeon Crawl Stone Soup version 0.21.0-3-g78d12a8 (webtiles) character file.

199 Megalobster the Magician (level 5, 0/28 HPs)
             Began as a Deep Elf Fire Elementalist on Jan 17, 2018.
             Killed from afar by an orc wizard (9 damage)
             ... with a puff of flame
             ... on level 4 of the Dungeon.
             The game lasted 00:11:19 (5082 turns).

Megalobster the Magician (DEFE)                     Turns: 5082, Time: 00:11:19

Health: 0/28       AC:  2    Str:  5 (6)  XL:     5   Next: 48%
Magic:  8/14       EV: 14    Int: 20      God:
Gold:   193        SH:  0    Dex: 15      Spells: 4/14 levels left

rFire    . . .     SeeInvis .   h - +1 dagger (drain)
rCold    . . .     Gourm    .   (no shield)
rNeg     . . .     Faith    .   a - +0 robe
rPois    .         Spirit   .   (no helmet)
rElec    .         Reflect  .   (no cloak)
rCorr    .         Harm     .   (no gloves)
MR       .....                  (no boots)
Stlth    ++........             (no amulet)
HPRegen  0.09/turn              (no ring)
MPRegen  0.14/turn              (no ring)

@: no status effects
A: no striking features
a: no special abilities


You were on level 4 of the Dungeon.
You were not hungry.

You visited 1 branch of the dungeon, and saw 4 of its levels.

You collected 193 gold pieces.

Inventory:

Hand Weapons
 d - a +0 dagger
 h - a +1 dagger of draining (weapon)
Armour
 a - a +0 robe (worn)
 e - a +2 leather armour of fire resistance
Magical Staves
 p - an uncursed staff of earth
Jewellery
 m - an uncursed ring of flight {unknown}
Scrolls
 f - 2 scrolls of remove curse {unknown}
 j - a scroll of immolation {unknown}
 n - 2 scrolls of teleportation {unknown}
 q - a scroll of amnesia {unknown}
 s - a scroll of identify {unknown}
 t - a scroll of enchant armour {unknown}
Potions
 i - 2 potions of curing {@q1}
 k - 3 potions of heal wounds {unknown}
 o - a potion of agility {unknown}
 r - a potion of brilliance {unknown}
Books
 b - a book of Flames

   Spells                             Type                      Level
   a - Flame Tongue                   Conjuration/Fire             1
   b - Throw Flame                    Conjuration/Fire             2
   c - Conjure Flame                  Conjuration/Fire             3
   d - Inner Flame                    Hexes/Fire                   3
   e - Sticky Flame                   Conjuration/Fire             4
   f - Fireball                       Conjuration/Fire             5
Comestibles
 c - 2 chunks of flesh
 l - 4 rations


   Skills:
 + Level 3.6 Dodging
 - Level 2.4 Stealth
 * Level 5.2 Spellcasting
 + Level 2.5 Conjurations
 * Level 4.5 Fire Magic


You had 4 spell levels left.
You knew the following spells:

 Your Spells              Type           Power        Failure   Level  Hunger
a - Flame Tongue          Conj/Fire      ###..        2%          1    None
b - Throw Flame           Conj/Fire      ###...       4%          2    None
c - Conjure Flame         Conj/Fire      ###.....     8%          3    ##.....
d - Sticky Flame          Conj/Fire      ###.....     26%         4    ####...


Dungeon Overview and Level Annotations

Branches:
Dungeon (4/15)
 Temple: D:4-7

Altars:
Xom
Zin

Shops:
D:2 *

Annotations:
D:3 Razmath's ghost, amateur DsFE


Message History

You now have 10/14 mp.
Casting: Throw Flame
Confirm with . or Enter, or press ? or * to list all spells.
Aiming: Flame Tongue
Press: ? - help, Shift-Dir - straight line, f/p - orc wizard
Aim: an orc wizard, wielding a dagger of freezing and wearing a robe (moderately wounded)
The flame tongue hits the orc wizard.
The orc wizard is heavily wounded.
You now have 9/14 mp.
Casting: Flame Tongue
Confirm with . or Enter, or press ? or * to list all spells.
Aiming: Flame Tongue
Press: ? - help, Shift-Dir - straight line, f/p - orc wizard
Aim: an orc wizard, wielding a dagger of freezing and wearing a robe (heavily wounded)
The flame tongue hits the orc wizard.
The orc wizard is severely wounded.
You now have 8/14 mp.
The orc wizard casts a spell at you. The puff of flame hits you!
You die...

####.#
#...........##
#....#
####..#####.#
#.#### ##.#
#.# #.# #.#
#.##########
#.# #o#
#.......o...
#.# #.#
############
#.# #o# #.#
#.# #.# #@#
#.# #.# #.#
####.# #.#
#.)..# #.#
#.#### #.# #.#
#.# #.#
#.#######.#
#.....<...#


You could see an orc priest and an orc wizard.

Vanquished Creatures
  2 orc priests
  2 worker ants
  An adder (D:2)
  An ooze (D:1)
  A worm (D:3)
  A dart slug (D:2)
  3 leopard geckos
  11 orcs
  2 ball pythons
  2 giant cockroaches
  10 goblins
  6 hobgoblins
  5 kobolds
  A quokka (D:2)
  4 bats
  4 frilled lizards
  9 rats
65 creatures vanquished.

Notes
Turn   | Place    | Note
-------+----------+-------------------------------------------
     0 | D:1      | Megalobster the Deep Elf Fire Elementalist began the quest for the Orb.
     0 | D:1      | Reached XP level 1. HP: 10/10 MP: 6/6
   182 | D:1      | Reached XP level 2. HP: 15/15 MP: 4/8
   191 | D:1      | Learned a level 2 spell: Throw Flame
  1257 | D:2      | Reached skill level 4 in Spellcasting
  1257 | D:2      | Reached XP level 3. HP: 19/19 MP: 6/10
  1370 | D:2      | Found Zin's Purification Station.
  1373 | D:2      | Found a glowing silver altar of Zin.
  1596 | D:2      | Learned a level 3 spell: Conjure Flame
  3084 | D:3      | Reached XP level 4. HP: 20/24 MP: 8/12
  4191 | D:3      | Found a shimmering altar of Xom.
  4198 | D:3      | Learned a level 4 spell: Sticky Flame
  4466 | D:4      | Reached XP level 5. HP: 28/28 MP: 14/14
  4507 | D:3      | Noticed Razmath's ghost (amateur DsFE)
  4747 | D:4      | Reached skill level 5 in Spellcasting
  5082 | D:4      | Killed from afar by an orc wizard

Skill      XL: |  1  2  3  4  5 |
---------------+----------------+-----
Spellcasting   | 4 5 |  5.2
Dodging        | 3 |  3.6
Conjurations   | 2 |  2.5
Fire Magic     | 4 |  4.5
Stealth        | |  2.4

Action                   |  1- 3 |  4- 6 || total
-------------------------+-------+-------++-------
Melee: Dagger            |    40 |    17 ||    57
 Cast: Flame Tongue      |    57 |    39 ||    96
       Throw Flame       |     2 |     7 ||     9
       Conjure Flame     |       |     3 ||     3
  Use: Potion            |       |     3 ||     3
 Stab: Sleeping          |     3 |     3 ||     6
  Eat: Ration            |     1 |     1 ||     2
       Chunk             |     3 |     3 ||     6
Armor: Robe              |     8 |     4 ||    12
Dodge: Dodged            |    35 |    17 ||    52
